 Dungeon Crawl Stone Soup version 0.31-a0-240-gb923e448b6 (webtiles) character file.

Game seed: 9715928499426977635

109 qw the Shooter (level 4, 0/26 HPs)
             Began as a Gargoyle Hexslinger on July 11, 2023.
             Slain by a black bear (1 damage)
             ... on level 3 of the Dungeon.
             The game lasted 00:00:47 (1946 turns).

qw the Shooter (Gargoyle Hexslinger)                Turns: 1946, Time: 00:00:47

Health: 0/26       AC:  7    Str: 11    XL:     4   Next: 89%
Magic:  5/5        EV: 11    Int: 14    God:
Gold:   54         SH:  0    Dex: 14    Spells: 4/5 levels left

rFire   . . .        Y - +1 sling
rCold   . . .        (no shield)
rNeg    + . .        f - +0 leather armour
rPois   inf          (no helmet)
rElec   +            (no cloak)
rCorr   .            (no gloves)
SInv    .            h - +0 pair of boots
Will    .....        (no amulet)
Stlth   +            (no ring)
HPRegen 0.24/turn    (no ring)
MPRegen 0.09/turn

%: no passive effects
@: no status effects
A: sickness immunity, AC +3, negative energy resistance 1, electricity
resistance, torment resistance 1, petrification resistance
a: no special abilities


You were on level 3 of the Dungeon.
You visited 1 branch of the dungeon, and saw 3 of its levels.

You collected 54 gold pieces.


Innate Abilities, Weirdness & Mutations

You are immune to sickness and miasma.
Your stone body is resilient. (AC +3)
You are immune to poison.
You resist negative energy. (rN+)
You are resistant to electric shocks. (rElec)
You are resistant to unholy torment.
You are immune to petrification.


   Skills:
 - Level 2.0 Fighting
 + Level 4.6 Ranged Weapons
 - Level 1.5 Dodging
 - Level 1.0 Spellcasting
 - Level 2.6 Hexes


You had 4 spell levels left.
You knew the following spells:

 Your Spells              Type           Power      Damage    Failure   Level
a - Slow                  Hex            32%        N/A       12%         1

Your spell library contained the following spells:

 Spells                   Type           Power      Damage    Failure   Level
 Inner Flame              Hex/Fire       4%         N/A       52%         3
 Portal Projectile        Hex/Tloc       8%         N/A       52%         3
 Cause Fear               Hex            4%         N/A       75%         4

Inventory:

Hand Weapons
 Y - a +1 sling (weapon)
Armour
 c - a +0 helmet
 f - a +0 leather armour (worn)
 h - a +0 pair of boots (worn)
Scrolls
 a - a scroll of teleportation
 b - a scroll of acquirement {unknown}
 e - 2 scrolls of identify

Dungeon Overview and Level Annotations

Branches:
Dungeon (3/15)

Altars:


Message History

You shoot a sling bullet. The sling bullet hits the black bear!
The black bear is heavily wounded.
A kobold comes into view. It is wielding a +0 short sword.
You shoot a sling bullet. The sling bullet hits the black bear.
The black bear is heavily wounded.
The black bear bites you.
The black bear claws you but does no damage. x2
The black bear barely misses you. The black bear closely misses you.
The black bear claws you but does no damage.
You shoot a sling bullet.
The sling bullet barely misses the black bear.
The sling bullet hits the kobold!
You kill the kobold!
The black bear bites you but does no damage.
The black bear closely misses you.
The black bear claws you but does no damage.
You shoot a sling bullet.
The sling bullet barely misses the black bear.
The black bear bites you. The black bear claws you.
The black bear claws you but does no damage.
You shoot a sling bullet. The sling bullet hits the black bear.
The black bear is severely wounded.
You hear an angry hiss.
The black bear bites you. The black bear closely misses you. x2
You shoot a sling bullet. The sling bullet hits the black bear.
The black bear is severely wounded.
The black bear goes berserk!
You shoot a sling bullet. The sling bullet hits the black bear.
The black bear is almost dead.
The black bear misses you. The black bear barely misses you.
The black bear claws you but does no damage.
The black bear bites you! The black bear closely misses you. x2
You shoot a sling bullet. The sling bullet hits the black bear.
The black bear is almost dead.
The black bear closely misses you. The black bear claws you.
The black bear claws you but does no damage.
The black bear bites you.
The black bear claws you but does no damage.
The black bear claws you.
You die...

#.... #...### ##########
#.....
..)......#.#....###.#
########.#.#....... .#
#.#.#.#..#####.
.#######.#.#..........
.........#.#.#..#####
#.#####..#.#....@h).#
...#..#..#.#.######$....
##.......#........# ...
#..#.#............. .
#..#.#.##......##..
##..#.#.###....##
...)..#..###..##
####..#...#####
#...>.....#


You could see a black bear (berserk).

Vanquished Creatures
  An adder (D:2)
  3 gnolls (D:2)
  2 worms (D:2)
  A dart slug (D:2)
  5 orcs (D:3)
  3 endoplasms
  2 goblins (D:2)
  7 hobgoblins
  6 jackals
  5 kobolds
  4 quokkas
  6 ball pythons
  3 bats
  6 rats
54 creatures vanquished.

Notes
Turn   | Place    | Note
-------+----------+-------------------------------------------
     0 | D:1      | qw the Gargoyle Hexslinger began the quest for the Orb.
     0 | D:1      | Reached XP level 1. HP: 12/12 MP: 2/2
     0 | D:1      | 0 ||| qw: Version: 0.3-a-52-g30416fa
     0 | D:1      | 0 ||| qw: Game counter: 6086
     0 | D:1      | 0 ||| qw: Melee chars always use a shield: true
     0 | D:1      | 0 ||| qw: God list: Okawaru
     0 | D:1      | 0 ||| qw: Allow faded altars: false
     0 | D:1      | 0 ||| qw: Do Orc after clearing Dungeon:15 true
     0 | D:1      | 0 ||| qw: Do second Lair branch before Depths: true
     0 | D:1      | 0 ||| qw: Lair rune preference: random
     0 | D:1      | 0 ||| qw: Goals: Normal
     0 | D:1      | 0 ||| PLANNING D:1-11
   148 | D:1      | Reached XP level 2. HP: 9/16 MP: 3/3
   254 | D:1      | Reached skill level 3 in Ranged Weapons
   519 | D:1      | Reached XP level 3. HP: 21/21 MP: 4/4
   522 | D:1      | Found a faded altar of an unknown god.
   755 | D:1      | 755 ||| UPGRADING to +0 leather armour.
   765 | D:1      | 765 ||| DROPPING +0 robe.
   766 | D:1      | 766 ||| UPGRADING to +0 pair of boots.
   771 | D:1      | 771 ||| READING 3 scrolls labelled WOWOECERUA.
   775 | D:1      | 775 ||| READING 3 scrolls labelled FYZOAS MEINAA.
   776 | D:1      | 776 ||| READING scroll labelled WEPUOD APNAGU.
   792 | D:1      | 792 ||| DROPPING scroll of poison.
  1236 | D:2      | Reached XP level 4. HP: 26/26 MP: 5/5
  1237 | D:2      | Reached skill level 4 in Ranged Weapons
  1551 | D:2      | 1551 ||| READING 2 scrolls labelled POPHIK DIUNUMUSE.
  1652 | D:2      | 1652 ||| READING 2 scrolls of identify.
  1652 | D:2      | 1652 ||| IDENTIFYING glowing dark potion
  1653 | D:2      | 1653 ||| DROPPING scroll of silence.
  1654 | D:2      | 1654 ||| DROPPING potion of lignification.
  1799 | D:3      | HP: 5/26 [orc/+0 flail (6)]
  1800 | D:3      | 1800 ||| READING 2 scrolls of teleportation.
  1935 | D:3      | Noticed a black bear
  1946 | D:3      | HP: 6/26 [black bear (3)]
  1946 | D:3      | HP: 1/26 [black bear (5)]
  1946 | D:3      | Slain by a black bear

Levels and vault maps discovered:
D:1:      spicycebolla_arrival_xxxplode, layout_loops_cross,
          shapermc_ecumenical_altar_mp_highgroup, chequers_hall_statues_y
D:2:      layout_loops_ring, st_stairs_8
D:3:      layout_basic, minivault_19, minmay_between

Skill      XL: |  1  2  3  4 |
---------------+-------------+-----
Ranged Weapons | 3 4 |  4.6
Fighting       | 2 |  2.0
Dodging        | |  1.5
Spellcasting   | |  1.0
Hexes          | |  2.6

Action                     |  1- 3 |  4- 6 || total
---------------------------+-------+-------++-------
   Fire: Sling             |   136 |    74 ||   210
    Use: Scroll            |     3 |     3 ||     6
 Armour: Robe              |    10 |       ||    10
         Leather armour    |    10 |    16 ||    26
  Dodge: Dodged            |    37 |    29 ||    66

Table legend:
 A = Non-vault XP
 B = Vault XP
 C = Vault XP percentage of total XP
 D = Non-vault monster count
 E = Vault monster count
 F = Vault count percentage of total count
                 A         B        C        D         E       F
            +---------+---------+-------+---------+---------+-------
      Total |     140 |      16 |  10.3 |      52 |       2 |   3.7
            +---------+---------+-------+---------+---------+-------
        D:1 |      37 |       0 |   0.0 |      23 |       0 |   0.0
        D:2 |      83 |      16 |  16.2 |      21 |       2 |   8.7
        D:3 |      20 |       0 |   0.0 |       8 |       0 |   0.0
            +---------+---------+-------+---------+---------+-------
